[Event "Anderssen Memorial Open-A 2020"]
[Site "Wroclaw"]
[Date "2020.08.07"]
[Round "8.11"]
[White "Jankowiak, Piotr"]
[Black "Gardian, Adam"]
[Result "1-0"]
[ECO "A04"]
[WhiteElo "2009"]
[BlackElo "1723"]
[Annotator "ChessBase"]
[PlyCount "83"]
[EventDate "2020.08.01"]
[EventType "swiss"]
[EventCountry "POL"]
[SourceTitle "playchess.com"]
[Source "ChessBase"]
[SourceQuality "1"]
[TimeControl "40/5400+15:1800+30"]

1. Nf3 e6 2. b3 f5 3. g3 Nf6 4. Bg2 Be7 5. c4 O-O 6. O-O Qe8 7. Bb2 Qh5 8. d3 d6 9. Nc3 e5 10. e4 f4 11. d4 c6 12. Ba3 Rd8 13. Qe2 fxg3 14. fxg3 Bg4 15. dxe5 Bxf3 16. Rxf3 Qxe5 17. Rd1 Nbd7 18. Bb2 Qc5+ 19. Kh1 Ne5 20. Rf5 Nfg4 21. Re1 Rf8 22. h3 Nf2+ 23. Kh2 Nfd3 24. Na4 Qa5 25. Bc3 Qc7 26. Rd1 b5 27. Nb2 Nxb2 28. Bxb2 Rab8 29. c5 Ng6 30. b4 Rbe8 31. Qd3 dxc5 32. bxc5 Qa5 33. Qb3+ Kh8 34. Rf7 Bf6 35. Bxf6 gxf6 36. Rdd7 Rxf7 37. Qxf7 Re7 38. Rxe7 Nxe7 39. Qxf6+ Kg8 40. Qxe7 Qxa2 41. e5 b4 42. e6 1-0

[Event "Anderssen Memorial Open-A 2020"]
[Site "Wroclaw"]
[Date "2020.08.07"]
[Round "8.12"]
[White "Bojczewski, Mateusz"]
[Black "Peglau, Mirjam"]
[Result "1/2-1/2"]
[ECO "B18"]
[WhiteElo "1886"]
[BlackElo "1851"]
[Annotator "NA"]
[PlyCount "60"]
[EventDate "2020.08.01"]
[EventType "swiss"]
[EventCountry "POL"]
[SourceTitle "playchess.com"]
[Source "ChessBase"]
[SourceQuality "1"]
[TimeControl "40/5400+15:1800+30"]

1. e4 c6 2. d4 d5 3. Nc3 dxe4 4. Nxe4 Bf5 5. Ng3 Bg6 6. Nh3 h6 (6... Nf6 $11) 7. Nf4 Bh7 8. Bc4 Nf6 9. O-O {[%emt 0:00:39] B18: Classical Caro-Kann: 4...Bf5 sidelines.} e6 10. Re1 Be7 11. Bxe6 fxe6 12. Nxe6 {[%emt 0:00:00] Double Attack} Qd7 13. Nxg7+ Kf7 14. Bxh6 (14. N7h5 $18 {and White stays clearly on top.}) 14... Bg6 15. Qd2 ({White should try} 15. Qf3 $14 Rxh6 16. Rxe7+ {[%mdl 64] Deflection} Qxe7 17. N7f5 Bxf5 18. Nxf5) 15... Bf8 {[%emt 0:07:24] [#]} 16. Qg5 $146 {[%emt 0:08:21] [#]} ({Avoid the trap} 16. Bg5 $2 Bxg7 17. Qb4 Nd5 $19) ({Predecessor:} 16. N7f5 Bxf5 17. Bxf8 Rxf8 18. Nxf5 Qxf5 19. Re5 Qd7 20. Rae1 Na6 21. Re7+ Qxe7 22. Rxe7+ Kxe7 {0-1 (35) Ung,T (1348)-Huang,J (1747) Mount Buller 2005}) 16... Rxh6 $1 ({Not} 16... Bxg7 17. Bxg7 Kxg7 {[#]} 18. Re7+ $1 {[%mdl 576] Deflection, Decoy} Qxe7 19. Nf5+ {[%mdl 64] Double Attack} Kf7 20. Nxe7 $18) 17. Qxh6 Bxg7 18. Qf4 Na6 19. Ne4 Bxe4 20. Rxe4 Re8 21. Rae1 Rxe4 22. Rxe4 {[%emt 0:00:00] [#]} Qd5 (22... Nc5 $142 $1 23. Re1 (23. dxc5 Qd1+) 23... Ne6 {[%mdl 64] Double Attack}) 23. Re5 Qxa2 24. g4 $15 Qb1+ 25. Kg2 Qxc2 26. g5 Qg6 27. Kh1 Qb1+ 28. Kg2 Qg6 29. Kh1 Qb1+ 30. Kg2 Qg6 1/2-1/2

[Event "Anderssen Memorial Open-A 2020"]
[Site "Wroclaw"]
[Date "2020.08.07"]
[Round "8.14"]
[White "Krawiec, Grzegorz"]
[Black "Szczesniak, Konrad"]
[Result "1/2-1/2"]
[ECO "B32"]
[WhiteElo "1812"]
[BlackElo "2033"]
[Annotator "ChessBase"]
[PlyCount "57"]
[EventDate "2020.08.01"]
[EventType "swiss"]
[EventCountry "POL"]
[SourceTitle "playchess.com"]
[Source "ChessBase"]
[SourceQuality "1"]
[TimeControl "40/5400+15:1800+30"]

1. e4 c5 2. Nf3 Nc6 3. d4 cxd4 4. Nxd4 e5 5. Nb5 d6 6. N1c3 a6 7. Na3 b5 8. Nd5 Nce7 9. c4 Nxd5 10. Qxd5 Be6 11. Qd3 Nf6 12. cxb5 d5 13. exd5 Bxd5 14. Nc2 Qc7 15. Ne3 Bb4+ 16. Bd2 Be4 17. Qe2 Bxd2+ 18. Qxd2 O-O 19. Qc3 Qb6 20. Be2 Rac8 21. Qb4 Bc6 22. a4 axb5 23. Bxb5 Rb8 24. O-O Rfd8 25. Rfd1 Rd4 26. Rxd4 exd4 27. Nc4 Qa7 28. Qa5 Qxa5 29. Nxa5 1/2-1/2

[Event "Anderssen Memorial Open-A 2020"]
[Site "Wroclaw"]
[Date "2020.08.07"]
[Round "8.15"]
[White "Peglau, Dora"]
[Black "Peglau, Markus"]
[Result "1/2-1/2"]
[ECO "B03"]
[WhiteElo "1704"]
[BlackElo "1910"]
[Annotator "ChessBase"]
[PlyCount "76"]
[EventDate "2020.08.01"]
[EventType "swiss"]
[EventCountry "POL"]
[SourceTitle "playchess.com"]
[Source "ChessBase"]
[SourceQuality "1"]
[TimeControl "40/5400+15:1800+30"]

1. e4 Nf6 2. e5 Nd5 3. c4 Nb6 4. d4 d6 5. exd6 exd6 6. Nc3 Nc6 7. Nf3 Be7 8. Be2 O-O 9. O-O Re8 10. Bf4 Bf6 11. Qd2 Bg4 12. d5 Bxf3 13. Bxf3 Nxc4 14. Qc1 N6e5 15. Be2 Qd7 16. Ne4 Nb6 17. Nxf6+ gxf6 18. Qd2 Qf5 19. Rac1 Ng6 20. Bg3 Re7 21. Rfd1 Rae8 22. Bb5 Rd8 23. Bf1 Rde8 24. Qa5 h5 25. h3 h4 26. Bh2 a6 27. Bxd6 cxd6 28. Qxb6 Qe5 29. Rc2 Nf4 30. Qd4 Qxd4 31. Rxd4 Ne2+ 32. Bxe2 Rxe2 33. Rxe2 Rxe2 34. Rb4 Re1+ 35. Kh2 b5 36. Rb3 Rd1 37. Ra3 Rxd5 38. Rxa6 Rd2 1/2-1/2

[Event "Anderssen Memorial Open-A 2020"]
[Site "Wroclaw"]
[Date "2020.08.08"]
[Round "9.14"]
[White "Peglau, Mirjam"]
[Black "Peglau, Dora"]
[Result "1-0"]
[ECO "C42"]
[WhiteElo "1851"]
[BlackElo "1704"]
[Annotator "NA RC"]
[PlyCount "147"]
[EventDate "2020.08.01"]
[EventType "swiss"]
[EventCountry "POL"]
[SourceTitle "playchess.com"]
[Source "ChessBase"]
[SourceQuality "1"]
[TimeControl "40/5400+15:1800+30"]

1. e4 e5 2. Nf3 Nf6 3. Nxe5 d6 4. Nf3 Nxe4 5. Bd3 Nf6 6. c3 {[%emt 0:01:47] C42: Petroff Defence: 3 Nxe5 and unusual White 3rd moves.} d5 7. O-O Bg4 8. Bc2 Nbd7 9. d4 Be7 {[%emt 0:01:52] [#]} 10. Qd3 $146 ({Predecessor:} 10. Bf4 O-O 11. Qd3 Ne4 12. Re1 Bf5 13. Qe3 Ndf6 14. h3 Nh5 15. Bh2 Bg6 16. c4 {1-0 (33) Samoun,F (1870)-Giraud,A (1710) Calvi 2005}) 10... Bh5 11. Nh4 O-O 12. Nf5 Re8 13. Bg5 Bg6 14. Nd2 c6 15. Nf3 Bd6 16. h3 Qc7 17. N3h4 Bf4 18. Bxf4 Qxf4 19. Nxg6 hxg6 20. Ng3 Ne4 21. Nxe4 Qxe4 22. Qxe4 dxe4 23. Rfe1 f5 24. Re2 Nf6 25. Rae1 Rad8 26. f3 exf3 27. Rxe8+ Rxe8 28. Rxe8+ Nxe8 29. gxf3 Kf7 30. Kf2 Nf6 31. Bb3+ Ke7 32. Ke3 g5 33. f4 g4 34. hxg4 Nxg4+ 35. Kf3 Nf6 36. Bd1 Kd6 37. Kg3 c5 38. dxc5+ Kxc5 39. Kh4 Nd5 40. Kg5 b5 41. Be2 g6 $2 ({Better is} 41... b4 $14) 42. Bf3 Ne7 43. Kf6 Kd6 44. b3 Kd7 45. c4 bxc4 46. bxc4 a5 47. Bh1 (47. a4 $142 Nc8 48. Kxg6) 47... Kd6 {[%emt 0:00:58] [#]} (47... a4 $142 48. a3 Nc8 49. Kxg6 Nd6) 48. c5+ $1 Kd7 49. Bg2 a4 50. a3 Ke8 51. c6 $18 Kd8 52. Bf3 Ke8 53. Bd1 Nxc6 54. Bxa4 Kd7 55. Kxg6 Kd6 56. Bxc6 Kxc6 57. Kxf5 Kb5 58. Ke5 Ka4 59. f5 Kxa3 60. f6 Kb4 61. f7 Kc4 62. f8=Q Kd3 63. Qf4 Kc3 64. Qd4+ Kc2 65. Qe3 Kb2 66. Qd3 Kc1 67. Kd4 Kb2 68. Qc3+ Kb1 69. Qd2 Ka1 70. Kc3 Kb1 71. Qc2+ Ka1 72. Qc1+ Ka2 73. Qc2+ Ka1 74. Qb2# 1-0